Map: Misty Swamp

Players

Metasapien - Winner!

  • Race: Zerg Zerg
  • League: Platinum
  • Spawn Location: 3:00

magik - Winner!

  • Race: Protoss Protoss
  • Spawn Location: 12:00

Insayne - Winner!

  • Race: Zerg Zerg
  • Spawn Location: 3:00

Demetri

  • Race: Protoss Protoss
  • Spawn Location: 9:00

Thrarr

  • Race: Protoss Protoss
  • Spawn Location: 9:00

Leviathan

  • Race: Zerg Zerg
  • Spawn Location: 12:00

VOD

Have the link to the VOD?

Description

Time

  • Played on: Sept. 23, 2017, 5:57 p.m.
  • Length: 12:06
Show
View Real Time Build Order
Export as new Build Order

Metasapien Zerg - Winner!

Build Orders: 3 Hatch before Pool 

Get SALT Encoding   

  12  0:01  Drone  
  13  0:27  Drone  
  14  0:38  Hatchery  
  13  1:07  Hatchery  
  13  1:09  Drone  
  13  1:18  Overlord  
  13  1:23  Drone  
  14  1:44  Spawning Pool  
  14  1:45  Drone  
  14  1:54  Drone  
  14  1:58  Drone  
  16  2:03  Extractor  
  16  2:05  Drone  
  17  2:15  Drone  
  17  2:18  Drone  
  17  2:21  Drone  
  19  2:27  Drone  
  20  2:33  Drone  
  20  2:35  Drone  
  22  2:39  Queen  
  22  2:42  Drone  
  25  2:44  Drone  
  26  2:52  Queen  
  26  2:54  Overlord  
  26  2:57  Drone  
  29  3:02  Extractor  
  28  3:07  Drone x3  
  28  3:10  Overlord  
  31  3:13  Drone x2  
  31  3:14  Drone  
  34  3:22  Drone  
  34  3:27  Drone  
  36  3:29  Drone  
  36  3:31  Overlord  
  36  3:32  Overlord  
  37  3:37  Queen  
  37  3:40  Drone  
  40  3:42  Extractor  
  39  3:50  Drone, Roach Warren  
  39  3:51  Drone x3  
  39  3:55  Metabolic Boost  
  42  3:58  Drone x3  
  42  4:01  Drone  
  46  4:04  Extractor  
  45  4:11  Drone x3  
  48  4:20  Lair  
  48  4:38  Drone x2  
  48  4:39  Drone  
  51  4:46  Roach  
  51  4:47  Roach x4  
  51  4:48  Roach x2  
  51  4:50  Zergling x2  
  66  4:54  Pneumatized Carapace  
  66  5:07  Overlord x4  
  66  5:15  Extractor  
  66  5:16  Drone  
  66  5:18  Drone, Extractor  
  66  5:30  Hydralisk Den  
  66  5:33  Infestation Pit  
  66  5:34  Drone x4  
  68  5:36  Drone x2  
  70  5:43  Drone  
  70  5:44  Drone  
  70  5:46  Roach x3  
  78  5:52  Drone  
  78  5:53  Drone  
  78  5:55  Roach x2  
  78  5:56  Roach x3  
  90  5:58  Hatchery  
  90  6:00  Drone x2, Nydus Network  
  90  6:10  Hydralisk x4  
  98  6:13  Overlord  
  98  6:14  Overlord x3  
  98  6:15  Overlord  
  98  6:16  Glial Reconstitution  
  98  6:20  Muscular Augments  
  98  6:24  Pathogen Glands  
  98  6:30  Overlord x3  
  98  6:31  Queen  
  100  6:41  Evolution Chamber  
  100  6:43  Drone x2  
  100  6:44  Evolution Chamber  
  100  6:46  Queen  
  102  6:53  Hydralisk x3  
  102  6:54  Hydralisk x4  
  106  6:55  Roach  
  118  7:07  Burrow  
  118  7:08  Drone x2  
  118  7:14  Zerg Missile Weapons Level 1  
  118  7:15  Zerg Ground Armor Level 1  
  120  7:18  Drone  
  121  7:25  Drone  
  122  7:37  Hydralisk x5  
  122  7:38  Drone  
  122  7:40  Infestor  
  122  7:41  Infestor  
  122  7:43  Drone  
  139  7:44  Drone x3  
  139  7:45  Drone x3  
  139  7:46  Overlord x3  
  139  7:47  Overlord x2  
  144  7:52  Hydralisk x3  
  150  7:59  Spore Crawler  
  149  8:05  Spore Crawler x2  
  149  8:07  Hydralisk x3  
  149  8:08  Hydralisk x3  
  159  8:28  Overseer  
  159  8:30  Overseer x2  
  159  8:33  Zergling x4  
  159  8:34  Zergling x12  
  164  8:40  Hive  
  167  8:41  Tunneling Claws  
  167  8:47  Drone  
  167  8:48  Drone x2  
  170  8:51  Extractor  
  164  9:05  Hydralisk x4  
  164  9:06  Roach x2, Hydralisk x4  
  164  9:07  Roach x2  
  188  9:35  Nydus Canal  
  188  9:37  Hydralisk x3  
  188  9:38  Roach x2  
  194  9:57  Drone x3  
  185  10:14  Hydralisk x2  
  185  10:15  Roach x3, Hydralisk x2  
  144  10:57  Roach, Hydralisk x5  
  122  10:58  Roach x6, Hydralisk x4  
  122  10:59  Roach  
  122  11:00  Overlord  
  148  11:13  Extractor  
  148  11:14  Hydralisk x2  
  148  11:15  Roach x2  
  155  11:28  Hydralisk  
  155  11:29  Roach, Hydralisk x3  
  155  11:30  Roach  
  147  11:49  Drone x2  
Show
View Real Time Build Order
Export as new Build Order

magik Protoss - Winner!

Build Orders: Phoenix Opening 

Get SALT Encoding   

  12  0:01  Probe (Chrono Boost)  
  13  0:12  Probe (Chrono Boost)  
  14  0:23  Pylon  
  14  0:32  Probe (Chrono Boost)  
  15  0:46  Probe (Chrono Boost)  
  15  0:47  Gateway  
  16  0:56  Probe (Chrono Boost)  
  17  1:07  Probe (Chrono Boost)  
  18  1:15  Assimilator  
  18  1:17  Probe (Chrono Boost)  
  19  1:23  Assimilator  
  19  1:34  Gateway  
  19  1:46  Probe (Chrono Boost)  
  20  1:49  Zealot (Chrono Boost)  
  22  1:56  Probe (Chrono Boost)  
  23  2:02  Pylon  
  23  2:13  Cybernetics Core  
  23  2:20  Probe  
  23  2:21  Zealot (Chrono Boost)  
  23  2:22  Pylon  
  28  2:31  Zealot (Chrono Boost)  
  28  2:34  Probe  
  31  2:44  Zealot (Chrono Boost)  
  31  2:46  Probe  
  32  2:53  Stargate  
  32  2:54  Stargate  
  32  3:06  Pylon  
  32  3:09  Pylon  
  32  3:39  Phoenix x2  
  36  3:50  Nexus  
  36  4:04  Phoenix  
  38  4:19  Phoenix  
  40  4:25  Probe (Chrono Boost)  
  41  4:35  Probe (Chrono Boost)  
  42  4:46  Probe (Chrono Boost)  
  43  4:56  Probe (Chrono Boost)  
  43  4:59  Phoenix  
  47  5:07  Probe (Chrono Boost), Phoenix  
  47  5:09  Protoss Air Weapons Level 1  
  49  5:17  Probe (Chrono Boost)  
  49  5:18  Probe (Chrono Boost)  
  51  5:28  Probe x2 (Chrono Boost)  
  55  5:38  Probe (Chrono Boost)  
  55  5:39  Probe (Chrono Boost)  
  57  5:44  Void Ray x2  
  57  5:49  Probe (Chrono Boost)  
  64  5:52  Assimilator  
  64  5:56  Assimilator  
  64  6:25  Fleet Beacon  
  64  6:29  Cybernetics Core  
  64  7:04  Void Ray  
  68  7:10  Nexus  
  68  7:15  Assimilator  
  68  7:19  Assimilator  
  68  7:21  Pylon  
  68  7:23  Pylon  
  68  7:30  Pylon  
  68  7:31  Pylon  
  68  7:35  Pylon  
  68  7:38  Void Ray  
  68  7:40  Pylon  
  72  7:56  Phoenix  
  72  7:57  Protoss Air Weapons Level 2  
  74  8:00  Protoss Air Armor Level 1  
  74  8:01  Graviton Catapult  
  74  8:05  Probe x2 (Chrono Boost)  
  76  8:12  Nexus  
  76  8:28  Stargate  
  76  8:30  Stargate  
  76  8:33  Stargate  
  76  8:44  Probe x3 (Chrono Boost)  
  79  8:54  Probe x2 (Chrono Boost)  
  79  8:55  Probe (Chrono Boost)  
  82  9:05  Probe x3 (Chrono Boost)  
  85  9:15  Probe x2 (Chrono Boost)  
  85  9:16  Probe (Chrono Boost)  
  88  9:18  Carrier x2  
  88  9:23  Carrier  
  106  9:26  Probe x2 (Chrono Boost)  
  106  9:29  Assimilator  
  108  9:32  Probe x2 (Chrono Boost), Assimilator  
  108  9:36  Probe (Chrono Boost)  
  108  9:37  Probe (Chrono Boost)  
  112  9:42  Probe x2 (Chrono Boost)  
  114  9:47  Probe x2 (Chrono Boost)  
  116  10:06  Carrier x2 (Chrono Boost)  
  128  10:24  Pylon  
  128  10:26  Pylon  
  128  10:29  Probe (Chrono Boost), Pylon  
  128  10:30  Probe x3 (Chrono Boost)  
  128  10:31  Pylon  
  128  10:35  Pylon  
  132  10:40  Probe x4 (Chrono Boost)  
  136  10:47  Robotics Facility  
  136  10:51  Probe x3 (Chrono Boost)  
  136  10:52  Forge  
  136  10:53  Pylon  
  136  10:55  Pylon  
Show
View Real Time Build Order
Export as new Build Order

Insayne Zerg - Winner!

Build Orders: Pool First 

Get SALT Encoding   

  12  0:12  Drone  
  12  0:13  Drone  
  14  0:34  Spawning Pool  
  13  0:37  Overlord  
  13  0:39  Drone  
  14  1:14  Drone x3  
  17  1:22  Queen  
  19  1:37  Drone x2  
  21  1:46  Hatchery  
  20  1:50  Drone  
  21  2:19  Drone  
  21  2:21  Overlord x2  
  22  2:34  Hatchery  
  22  2:35  Drone  
  22  2:43  Extractor x2  
  20  2:51  Drone  
  20  2:52  Drone x2  
  20  2:57  Extractor  
  22  3:00  Drone  
  22  3:01  Extractor  
  22  3:05  Extractor  
  22  3:11  Drone, Extractor  
  21  3:14  Drone  
  21  3:15  Queen  
  24  3:30  Drone x5  
  29  3:41  Lair  
  29  3:46  Drone  
  29  3:48  Drone  
  31  3:51  Queen  
  33  4:02  Drone x3  
  36  4:03  Drone x2  
  38  4:32  Drone x3  
  41  4:43  Infestation Pit  
  40  4:51  Spore Crawler  
  40  4:52  Drone x7  
  46  4:53  Drone x3  
  49  5:10  Drone  
  49  5:11  Overlord x2  
  49  5:12  Overlord x3  
  50  5:24  Hive  
  50  5:31  Spire  
  49  5:36  Spire  
  48  5:47  Drone x6  
  54  5:52  Drone x3  
  57  5:59  Drone x3  
  60  6:12  Drone x4  
  60  6:13  Drone x2  
  66  6:26  Spore Crawler  
  66  6:30  Spore Crawler  
  64  6:41  Metabolic Boost  
  64  6:44  Greater Spire  
  64  7:09  Overlord x5  
  64  7:10  Overlord x2  
  64  7:25  Hatchery  
  64  7:27  Drone x5  
  64  7:28  Drone x2  
  70  7:41  Zerg Flyer Armor Level 1  
  70  8:00  Adrenal Glands  
  70  8:06  Zerg Flyer Weapons Level 1  
  70  8:08  Extractor  
  70  8:11  Extractor  
  68  8:25  Pneumatized Carapace  
  68  8:30  Burrow  
  68  8:31  Corruptor x8  
  68  8:32  Corruptor x8  
  68  8:33  Corruptor x3  
  106  9:19  Overlord x2  
  106  9:20  Overlord x6  
  106  9:21  Overlord x2  
  106  9:44  Brood Lord x5  
  106  9:45  Brood Lord x5  
  126  10:14  Corruptor x6  
  126  10:15  Corruptor  
  140  10:21  Drone x3  
  140  10:22  Drone  
  140  10:24  Drone  
  140  10:25  Drone  
  146  10:40  Corruptor  
  146  10:41  Corruptor x2  
  152  10:53  Corruptor x3  
  150  10:59  Unknown  
  150  11:19  Corruptor x2  
  150  11:20  Corruptor x5  
  164  11:45  Overseer x4  
Show
View Real Time Build Order
Export as new Build Order

Demetri Protoss 

Build Orders:  

Get SALT Encoding   

  12  0:01  Probe (Chrono Boost)  
  13  0:12  Probe (Chrono Boost)  
  14  0:22  Probe (Chrono Boost)  
  14  0:23  Pylon  
  15  0:41  Probe (Chrono Boost)  
  16  1:05  Probe (Chrono Boost)  
  16  1:07  Nexus  
  17  1:15  Gateway  
  17  1:16  Probe (Chrono Boost)  
  18  1:30  Probe (Chrono Boost)  
  19  1:54  Probe (Chrono Boost), Nexus  
  20  2:06  Cybernetics Core  
  20  2:10  Assimilator  
  20  2:19  Probe (Chrono Boost)  
  21  2:26  Probe (Chrono Boost)  
  22  2:30  Probe (Chrono Boost)  
  23  2:48  Forge  
  23  2:53  Probe (Chrono Boost), Pylon  
  23  2:55  Probe (Chrono Boost)  
  25  3:01  Assimilator  
  25  3:04  Probe (Chrono Boost)  
  25  3:05  Probe (Chrono Boost)  
  29  3:10  Warp Gate (Chrono Boost)  
  27  3:13  Zealot  
  29  3:20  Gateway  
  29  3:21  Pylon, Gateway  
  29  3:28  Probe (Chrono Boost)  
  29  3:29  Probe (Chrono Boost)  
  29  3:33  Probe (Chrono Boost)  
  32  3:37  Probe (Chrono Boost)  
  32  3:38  Probe (Chrono Boost)  
  32  3:41  Zealot  
  36  3:44  Probe  
  36  3:45  Protoss Shields Level 1  
  37  3:54  Pylon  
  37  4:01  Pylon  
  37  4:02  Pylon  
  37  4:10  Stalker  
  37  4:12  Twilight Council  
  39  4:25  Photon Cannon  
  39  4:28  Photon Cannon  
  39  4:40  Photon Cannon  
  39  4:56  Robotics Facility  
  39  4:58  Probe  
  39  4:59  Probe  
  40  5:00  Probe  
  42  5:08  Probe  
  42  5:09  Pylon  
  42  5:12  Pylon  
  43  5:18  Blink (Chrono Boost)  
  43  5:24  Stalker x3  
  43  5:28  Probe x2  
  49  5:29  Probe, Assimilator  
  52  5:38  Probe  
  52  5:39  Probe  
  52  5:41  Probe  
  55  5:49  Probe x2  
  55  5:53  Probe  
  55  5:56  Stalker x3  
  64  6:07  Protoss Ground Weapons Level 1  
  64  6:11  Probe x2, Assimilator  
  64  6:12  Probe, Assimilator  
  67  6:21  Probe  
  67  6:22  Stalker  
  67  6:24  Probe, Zealot  
  67  6:25  Zealot  
  75  6:38  Probe  
  75  6:39  Probe  
  76  6:40  Probe, Forge  
  78  6:49  Probe  
  78  6:50  Probe x2  
  78  6:54  Zealot x3  
  87  7:17  Stalker x2  
  87  7:18  Stalker  
  93  7:27  Protoss Shields Level 2  
  93  7:44  Probe x2  
  93  7:45  Probe  
  96  7:51  Gateway  
  96  7:54  Stargate  
  96  7:59  Stargate  
  96  8:07  Immortal (Chrono Boost)  
  96  8:12  Protoss Ground Weapons Level 2  
  100  8:16  Stalker x2  
  100  8:17  Stalker  
  106  8:39  Assimilator  
  106  8:46  Nexus  
  106  8:53  Pylon  
  106  8:59  Phoenix  
  106  9:00  Pylon  
  108  9:10  Phoenix  
  108  9:11  Immortal (Chrono Boost)  
  108  9:14  Fleet Beacon  
  114  9:21  Protoss Air Armor Level 1  
  114  9:30  Stalker x4  
  122  9:48  Observer (Chrono Boost)  
  123  10:00  Probe, Zealot x4  
  123  10:01  Probe  
  123  10:02  Probe  
  123  10:05  Immortal (Chrono Boost)  
  134  10:11  Charge (Chrono Boost)  
  138  10:32  Zealot  
  139  10:38  Immortal  
  116  10:43  Stalker x2  
  116  10:44  Stalker  
  102  10:53  Zealot  
  62  11:22  Zealot  
  62  11:23  Zealot x3  
Show
View Real Time Build Order
Export as new Build Order

Thrarr Protoss 

Build Orders:  

Get SALT Encoding   

  12  0:03  Probe (Chrono Boost)  
  13  0:13  Probe (Chrono Boost)  
  14  0:20  Pylon  
  14  0:24  Probe (Chrono Boost)  
  15  0:38  Probe (Chrono Boost)  
  16  0:47  Gateway  
  16  0:49  Probe (Chrono Boost)  
  17  0:50  Assimilator  
  17  0:59  Probe (Chrono Boost)  
  18  1:10  Probe (Chrono Boost)  
  19  1:13  Pylon  
  19  1:20  Probe (Chrono Boost)  
  20  1:26  Forge  
  20  1:31  Probe (Chrono Boost)  
  21  1:33  Assimilator  
  21  1:42  Probe (Chrono Boost), Zealot  
  24  2:03  Probe (Chrono Boost)  
  25  2:09  Zealot  
  25  2:11  Cybernetics Core  
  25  2:13  Probe (Chrono Boost)  
  28  2:20  Pylon  
  28  2:24  Pylon  
  28  2:37  Zealot  
  30  2:55  Probe (Chrono Boost)  
  30  2:57  Nexus  
  31  3:06  Stargate  
  31  3:15  Stargate  
  31  3:20  Protoss Shields Level 1  
  31  3:35  Probe (Chrono Boost)  
  32  3:45  Probe (Chrono Boost)  
  33  3:50  Void Ray  
  37  4:02  Assimilator  
  37  4:11  Probe (Chrono Boost)  
  37  4:15  Probe (Chrono Boost)  
  39  4:21  Probe (Chrono Boost)  
  39  4:24  Void Ray  
  44  4:26  Probe (Chrono Boost)  
  45  4:32  Protoss Air Weapons Level 1  
  45  4:36  Probe (Chrono Boost)  
  46  4:42  Void Ray  
  50  5:01  Probe (Chrono Boost)  
  50  5:03  Probe (Chrono Boost)  
  50  5:06  Assimilator  
  52  5:12  Probe (Chrono Boost)  
  54  5:14  Probe (Chrono Boost)  
  54  5:18  Void Ray  
  58  5:25  Probe (Chrono Boost)  
  59  5:44  Pylon  
  59  5:46  Pylon  
  59  5:54  Pylon  
  59  5:55  Pylon  
  59  5:58  Pylon  
  59  6:02  Void Ray  
  63  6:05  Photon Cannon  
  63  6:06  Void Ray  
  63  6:09  Photon Cannon  
  67  6:16  Probe (Chrono Boost)  
  68  6:27  Probe (Chrono Boost)  
  68  6:31  Protoss Air Armor Level 1  
  69  6:38  Probe (Chrono Boost)  
  70  6:44  Void Ray  
  70  6:46  Photon Cannon  
  74  6:48  Probe (Chrono Boost)  
  74  6:49  Photon Cannon  
  75  6:59  Probe (Chrono Boost)  
  76  7:22  Void Ray  
  80  7:27  Void Ray  
  80  7:29  Probe (Chrono Boost)  
  85  7:39  Probe (Chrono Boost)  
  86  8:05  Void Ray  
  90  8:10  Void Ray  
  94  8:20  Robotics Facility  
  94  8:48  Void Ray  
  98  8:56  Nexus  
  98  9:02  Void Ray  
  102  9:04  Stargate  
  102  9:10  Stargate  
  102  9:13  Robotics Bay  
  102  10:08  Void Ray x3  
  102  10:11  Pylon  
  102  10:13  Pylon  
  114  10:15  Pylon  
  114  10:16  Pylon  
  114  10:18  Pylon  
  114  10:20  Pylon  
  114  10:28  Void Ray  
  70  11:08  Void Ray x3  
  82  11:11  Void Ray  
  86  11:22  Observer  
Show
View Real Time Build Order
Export as new Build Order

Leviathan Zerg 

Build Orders: Pool First, Swarm Host 

Get SALT Encoding   

  12  0:10  Drone x2  
  14  0:33  Spawning Pool  
  13  0:46  Overlord  
  13  1:05  Extractor  
  13  1:07  Drone x3  
  15  1:32  Zergling x4  
  17  1:33  Queen  
  19  1:44  Overlord  
  19  1:57  Spore Crawler  
  19  2:00  Drone  
  19  2:19  Metabolic Boost  
  20  2:22  Zergling x2  
  20  2:23  Zergling x4  
  22  2:33  Extractor  
  21  2:38  Overlord  
  21  2:46  Drone x3  
  25  3:05  Drone x2  
  25  3:09  Lair  
  26  3:22  Zergling x4  
  26  3:23  Zergling x4  
  30  3:46  Hatchery  
  30  3:48  Spore Crawler  
  28  3:55  Drone x2  
  30  4:11  Infestation Pit  
  30  4:15  Drone x2  
  31  4:23  Overlord  
  31  4:33  Pneumatized Carapace  
  31  4:46  Spire  
  31  4:49  Drone x2  
  31  4:50  Drone  
  33  4:55  Evolution Chamber  
  32  5:15  Spore Crawler  
  31  5:25  Zerg Missile Weapons Level 1  
  31  5:30  Drone x4  
  35  5:36  Overlord  
  35  5:47  Nydus Network  
  34  6:03  Swarm Host x3  
  43  6:08  Spore Crawler  
  42  6:13  Extractor  
  42  6:16  Drone x3, Spore Crawler  
  43  6:27  Overlord  
  43  6:38  Drone  
  44  6:43  Overlord  
  44  6:52  Swarm Host  
  44  6:53  Swarm Host  
  50  6:59  Hive  
  50  7:04  Spore Crawler  
  49  7:11  Drone x3  
  49  7:15  Overseer  
  52  7:28  Overlord  
  52  7:30  Zerg Flyer Weapons Level 1  
  52  7:40  Extractor  
  52  7:41  Overlord x2  
  51  7:58  Nydus Canal  
  51  8:02  Swarm Host x3  
  51  8:03  Swarm Host  
  63  8:16  Viper  
  66  8:28  Drone x2  
  66  8:29  Drone x4  
  72  8:35  Spore Crawler  
  71  8:51  Viper  
  74  9:06  Zerg Ground Armor Level 1  
  74  9:09  Overlord x2  
  74  9:25  Nydus Canal  
  74  9:50  Corruptor x4  
  74  9:51  Corruptor  
  84  10:08  Overlord x2  
  84  10:14  Hatchery  
  84  10:19  Overseer x2  
  83  10:38  Corruptor x3  
  89  11:09  Corruptor x2  
  93  11:17  Nydus Canal  
Tags
 
Add a new tag
Caveats
  • Supply blocks, unpowered buildings, or Contaminate may cause inaccurate times.
  • Supply counts are checked every 10 seconds.